 Dungeon Crawl Stone Soup version 0.28-b1-1-g3c77fb2ed1 (webtiles) character file.

Game seed: 17708355944249038014

638 growler the Gusty (level 7, -3/36 HPs)
             Began as a Tengu Air Elementalist on Jan 29, 2022.
             Engulfed by a cloud of steam (13 damage)
             ... on level 5 of the Dungeon.
             The game lasted 00:13:11 (4324 turns).

growler the Gusty (Tengu Air Elementalist)          Turns: 4324, Time: 00:13:11

Health: -3/36      AC:  2    Str:  9    XL:     7   Next: 50%
Magic:  9/14       EV: 14    Int: 17    God:
Gold:   260        SH:  0    Dex: 14    Spells: 5/15 levels left

rFire   . . .      SeeInvis .   d - staff of poison
rCold   . . .      Faith    .   (no shield)
rNeg    . . .      Spirit   .   a - +0 robe
rPois   +          Reflect  .   (helmet restricted)
rElec   .          Harm     .   (no cloak)
rCorr   .          Rampage  .   (no gloves)
Will    .....                   (boots unavailable)
Stlth   ++........              e - amulet of magic regeneration
HPRegen 0.12/turn               (no ring)
MPRegen 0.54/turn               (no ring)

@: flying quickly and evasively, quick
A: beak, talons 3, nimble flight
a: no special abilities


You were on level 5 of the Dungeon.
You visited 1 branch of the dungeon, and saw 5 of its levels.

You collected 260 gold pieces.

Inventory:

Hand Weapons
 m - the +9 hunting sling of Jiss {flame, Str+5}
   (You found it on level 3 of the Dungeon)

   Any ammunition fired from it burns those it strikes, dealing additional fire
   damage.
   Str:       It affects your strength (+5).
Armour
 a - a +0 robe (worn)
Magical Staves
 d - a staff of poison (weapon)
   (You found it on level 1 of the Dungeon)
Jewellery
 e - an amulet of magic regeneration (around neck)
   (You found it on level 2 of the Dungeon)
Scrolls
 f - a scroll of summoning {unknown}
 h - a scroll of blinking {unknown}
 i - a scroll of enchant armour {unknown}
 l - 2 scrolls of teleportation {@r4}
 p - 4 scrolls of identify {unknown}
 r - a scroll of vulnerability {unknown}
Potions
 b - 2 potions of lignification {unknown}
 c - a potion of flight {unknown}
 g - 2 potions of attraction {unknown}
 j - a potion of magic {unknown}
 k - 2 potions of heal wounds {unknown}
 n - a potion of berserk rage {unknown}
 o - a potion of curing {unknown}
 q - a potion of brilliance {unknown}


   Skills:
 - Level 2.1 Dodging
 - Level 2.0 Stealth
 + Level 4.5 Spellcasting
 + Level 6.0 Conjurations
 + Level 7.2 Air Magic


You had 5 spell levels left.
You knew the following spells:

 Your Spells              Type           Power      Damage    Failure   Level
a - Shock                 Conj/Air       100%       1d9       1%          1
b - Airstrike             Air            14%        N/A       8%          4
d - Static Discharge      Conj/Air       26%        N/A       1%          2
s - Swiftness             Air            28%        N/A       2%          3

Your spell library contained the following spells:

 Spells                   Type           Power      Damage    Failure   Level


Dungeon Overview and Level Annotations

Branches:
Dungeon (5/15)
 Temple: D:4-7

Altars:
Elyvilon
Fedhas
Ru

Shops:
D:4 *


Innate Abilities, Weirdness & Mutations

You have a beak for a mouth.
You have claws for feet.
Your magical nature lets you fly swiftly and evasively.


Message History

a +0 short sword; a +0 leather armour; an orc corpse You now have 241 gold pieces (gained 17).
Found 2 large rocks.
Found 5 gold pieces.
Found a ring mail.
Found a stone staircase leading up.
You now have 246 gold pieces (gained 5).
You see here a +0 hunting sling.
An iguana comes into view.
An iguana is nearby!
An iguana is nearby!
Aim: an iguana (asleep, 100% to hit)
The zap hits the iguana.
The iguana hisses angrily.
Aim: an iguana (moderately wounded, 77% to hit)
The zap hits the iguana but does no damage.
Aim: an iguana (moderately wounded, 77% to hit)
The zap hits the iguana but does no damage.
Aim: an iguana (moderately wounded, 77% to hit)
The zap hits the iguana.
Aim: an iguana (moderately wounded, 77% to hit)
The zap hits the iguana.
Aim: an iguana (severely wounded, 77% to hit)
The zap hits the iguana!
You kill the iguana!
Found 14 gold pieces.
You now have 260 gold pieces (gained 14).
A steam dragon comes into view.
Found a white marble altar of Elyvilon.
The steam dragon hisses angrily.
A steam dragon is nearby!
Unknown command.
The zap hits the steam dragon.
The zap misses the steam dragon.
The zap misses the steam dragon.
The zap hits the steam dragon.
The steam dragon breathes steam at you. The ball of steam hits you!
The steam dragon is struck by an arc of lightning.
You are struck by an arc of lightning.
The steam dragon is struck by an arc of lightning.
The lightning grounds out.
You are engulfed in a cloud of scalding steam.
The steam dragon bites you.
* * * LOW HITPOINT WARNING * * *
The steam dragon claws you but does no damage.
The steam dragon is struck by an arc of lightning!
You kill the steam dragon!
You are struck by an arc of lightning.
* * * LOW HITPOINT WARNING * * *
You are engulfed in a cloud of scalding steam.
You die...

#####.#...###
#.#...... ##.#...###
###......# #....#...#
#######..#...### #..#
#.........
.########..#
#...###.##
....§.§@†..# #...# ##♣
##########.#####..####
#............#
#.######.##### #.
#.....# D. #.##### ...
#.## .... #..# .._..
####


There were no monsters in sight!

Vanquished Creatures
  A steam dragon (D:5)
  A water moccasin (D:3)
  2 scorpions (D:4)
  3 hounds
  3 orc priests
  An iguana (D:5)
  2 orc wizards
  3 gnolls (D:5)
  5 adders
  3 worms
  3 dart slugs
  7 orcs
  5 endoplasms
  4 giant cockroaches
  8 goblins
  10 hobgoblins
  A jackal (D:1)
  A kobold (D:2)
  3 quokkas
  7 ball pythons
  5 bats
  6 frilled lizards
  2 rats
86 creatures vanquished.

Vanquished Creatures (others)
  A fungus (D:1)
1 creature vanquished.

Grand Total: 87 creatures vanquished

Notes
Turn   | Place    | Note
-------+----------+-------------------------------------------
     0 | D:1      | growler the Tengu Air Elementalist began the quest for the
                  | Orb.
     0 | D:1      | Reached XP level 1. HP: 10/10 MP: 4/4
   289 | D:1      | Reached XP level 2. HP: 15/15 MP: 3/6
   369 | D:1      | Found a faded altar of an unknown god.
   669 | D:1      | You fall into a shaft and drop 1 floor!
   942 | D:2      | Reached XP level 3. HP: 19/19 MP: 3/7
  1199 | D:2      | Learned a level 2 spell: Static Discharge
  1203 | D:2      | Learned a level 3 spell: Swiftness
  1763 | D:3      | Identified the +9 hunting sling of Jiss {flame, Str+5}
  1773 | D:3      | Noticed a water moccasin
  1792 | D:3      | Reached XP level 4. HP: 13/24 MP: 4/9
  1987 | D:3      | Found a sacrificial altar of Ru.
  2080 | D:3      | Reached skill level 5 in Air Magic
  2691 | D:3      | Killed a water moccasin
  2692 | D:3      | Gained mutation: Your magical nature lets you fly swiftly
                  | and evasively. [Tengu growth]
  2692 | D:3      | Reached XP level 5. HP: 6/28 MP: 0/11
  2697 | D:3      | Learned a level 4 spell: Airstrike
  2993 | D:4      | Reached XP level 6. HP: 20/32 MP: 4/12
  3149 | D:4      | Reached skill level 6 in Air Magic
  3437 | D:4      | Reached skill level 5 in Conjurations
  3607 | D:4      | Found a blossoming altar of Fedhas.
  3692 | D:4      | Found Axinkuwk's General Store.
  3755 | D:4      | Reached XP level 7. HP: 36/36 MP: 9/14
  3929 | D:5      | Entered Level 5 of the Dungeon
  4060 | D:5      | Reached skill level 7 in Air Magic
  4313 | D:5      | Found a white marble altar of Elyvilon.
  4313 | D:5      | Noticed a steam dragon
  4324 | D:5      | Killed a steam dragon
  4324 | D:5      | Engulfed by a cloud of steam

Illustrated notes

Levels and vault maps discovered:
D:1:      dpeg_arrival_brainrot, layout_loops_ring,
          shapermc_ecumenical_altar_acropolis, moated_statue
D:2:      layout_loops_ring
D:3:      layout_loops_corners, mainiacjoe_overflow_brackets
D:4:      layout_cave_pools, fedhas_altar_4, serial_shops, kennysheep_mini,
          minivault_23
D:5:      layout_loops_ring, chequers_temple_overflow_minitemple, serial_glass,
          glass_columns_c, glass_columns_c, hangedman_feature_mirror,
          hangedman_decor_push

Skill      XL: |  1  2  3  4  5  6  7 |
---------------+----------------------+-----
Conjurations   | 2 3 4 5 6 |  6.0
Air Magic      | 5 6 7 |  7.2
Spellcasting   | 3 4 |  4.5
Dodging        | |  2.1
Stealth        | |  2.0

Action                   |  1- 3 |  4- 6 |  7- 9 || total
-------------------------+-------+-------+-------++-------
Melee: Staff             |     8 |     1 |       ||     9
       Kick              |     4 |     1 |       ||     5
       Peck              |       |     1 |       ||     1
 Cast: Shock             |    77 |    81 |    25 ||   183
       Static Discharge  |     4 |    17 |     9 ||    30
  Use: Scroll            |       |       |     1 ||     1
Armor: Robe              |     7 |     1 |     2 ||    10
Dodge: Dodged            |    12 |    12 |     8 ||    32
